AoeStats
← 10GS | Irænko

Arabia

509489741Analyzed
1v1 RM · 5d ago on Sep 27, 2026· 15m 15s· 2 players
Game mode
Random Map
Map size
Tiny (2 player)
Population
200
Speed
Normal
Resources
Standard
Victory
Conquest
Starting age
Dark Age
Ending age
Imperial Age
RankedLock teamsTeams togetherTeam positionsShared explorationLock speedFull tech treeHidden civsTurbo modeCheats
Victory
Defeat
🇨🇱 Sicilians · Chile
967
+18
🇦🇷 Teutons · Argentina
1000
-54
10GS | Irænko
4:21 Loom
10:07 Feudal Age
11:19 Double-Bit Axe
11:22 Town Watch
11:27 Horse Collar
13:11 Town Watch
14:33 Fletching
14:44 Scale Mail Armor
MogoDow69
16:13 Feudal Age
Connection lost

Rejoining the realm…

Still unreachable

The connection could not be restored.

Session expired

The server has moved on; the page needs a fresh start.